ITL
DETROIT X-WINGS @ TUSCALOOSA TROUT SLAYERS
05/30/2026
 
TOP OF THE 1ST
Detroit X-Wings batting - Pitching for Tuscaloosa Trout Slayers : RHP Fernando Rodríguez
Pitching: RHP Fernando Rodríguez
Batting: RHB Yoshitsune Kamida 0-0: Ball
1-0: Ball
2-0: Called Strike
2-1: Fly out, F9 (Flyball, 9M)
Batting: SHB Felipe Detorres 0-0: DOUBLE (Flyball, 89M)
Batting: RHB Diego Ocampo 0-0: Ball
1-0: SINGLE (Groundball, 56D)
Felipe Detorres to third
Runner from 3rd tries for Home, SAFE, no throw or cutoff
Batting: LHB Juan Jose Pineda 0-0: Called Strike
0-1: Ball
1-1: Ball
2-1: Ball
3-1: Fly out, F7 (Flyball, 78D)
Batting: SHB Jaime Montés 0-0: Ground out 4-3 (Groundball, 4)
Top of the 1st over - 1 run(s), 2 hit(s), 0 error(s), 1 left on base; Detroit 1 - Tuscaloosa 0
BOTTOM OF THE 1ST
Tuscaloosa Trout Slayers batting - Pitching for Detroit X-Wings : RHP David Escobido
Pitching: RHP David Escobido
Batting: LHB Miguel Rosa 0-0: Ball
1-0: Called Strike
1-1: Ball
2-1: Foul Ball, location: 2F
2-2: Fly out, F9 (Flyball, 9M)
Batting: RHB Lawrence Yates 0-0: Ball
1-0: Fly out, F9 (Flyball, 9LM)
Batting: LHB Albert Morgan 0-0: Called Strike
0-1: Called Strike
0-2: Ball
1-2: SINGLE (Groundball, 56D) (infield hit)
Batting: LHB Ed Hart 0-0: Swinging Strike
0-1: Foul Ball, location: 2F
0-2: Ball
1-2: Ground out 3-1 (Groundball, 34)
Bottom of the 1st over - 0 run(s), 1 hit(s), 0 error(s), 1 left on base; Detroit 1 - Tuscaloosa 0
TOP OF THE 2ND
Detroit X-Wings batting - Pitching for Tuscaloosa Trout Slayers : RHP Fernando Rodríguez
Batting: RHB Gary Witt 0-0: Ball
1-0: Ball
2-0: Called Strike
2-1: Called Strike
2-2: Ball
3-2: Strikes out looking
Batting: LHB Jeremy Cox 0-0: Foul Ball, location: 2F
0-1: Ground out 5-3 (Groundball, 5S)
Batting: RHB Vincente Encarnación 0-0: Ball
1-0: Called Strike
1-1: SINGLE (Line Drive, 7S)
Batting: SHB Javier Jiménez 0-0: Ball
1-0: Ball
2-0: Called Strike
2-1: Ball
3-1: Base on Balls
Vincente Encarnación to second
Batting: RHB Yoshitsune Kamida 0-0: Ball
1-0: Called Strike
1-1: Called Strike
1-2: DOUBLE (Line Drive, 5D)
Vincente Encarnación scores
Javier Jiménez to third
Runner from 3rd tries for Home, SAFE, throw made home
Batting: SHB Felipe Detorres 0-0: Ball
1-0: Foul Ball, location: 2F
1-1: Swinging Strike
1-2: Ball
2-2: SINGLE (Line Drive, 6D)
Yoshitsune Kamida to third
Throwing error, E7
Yoshitsune Kamida scores
Felipe Detorres to second
Batting: RHB Diego Ocampo 0-0: Ball
1-0: Called Strike
1-1: Swinging Strike
1-2: Foul Ball, location: 2F
1-2: Ball
2-2: Ball
3-2: Foul Ball, location: 2F
3-2: Base on Balls
Batting: LHB Juan Jose Pineda 0-0: Ball
1-0: DOUBLE (Flyball, 7LD)
Felipe Detorres scores
Diego Ocampo to third
Runner from 3rd tries for Home, SAFE, throw made at trailing runner, SAFE at third!
Batting: SHB Jaime Montés 0-0: Foul Ball, location: 2F
0-1: Swinging Strike
0-2: Strikes out looking
Top of the 2nd over - 5 run(s), 4 hit(s), 1 error(s), 1 left on base; Detroit 6 - Tuscaloosa 0
BOTTOM OF THE 2ND
Tuscaloosa Trout Slayers batting - Pitching for Detroit X-Wings : RHP David Escobido
Batting: LHB Damon Mitchell 0-0: Called Strike
0-1: Ground out 4-3 (Groundball, 4)
Batting: RHB Ben Morton 0-0: Called Strike
0-1: Foul Ball, location: 2F
0-2: Ball
1-2: Ground out 6-3 (Groundball, 6M)
Batting: LHB Sergio Barrón 0-0: Ground out 4-3 (Groundball, 34)
Bottom of the 2nd over - 0 run(s), 0 hit(s), 0 error(s), 0 left on base; Detroit 6 - Tuscaloosa 0
TOP OF THE 3RD
Detroit X-Wings batting - Pitching for Tuscaloosa Trout Slayers : RHP Fernando Rodríguez
Batting: RHB Gary Witt 0-0: Foul Ball, location: 2F
0-1: Ball
1-1: Ball
2-1: Ball
3-1: Base on Balls
Batting: LHB Jeremy Cox 0-0: Called Strike
0-1: Foul Ball, location: 2F
0-2: Ball
1-2: Strikes out swinging
Batting: RHB Vincente Encarnación 0-0: Called Strike
0-1: Foul Ball, location: 2F
0-2: Hit by Pitch
Gary Witt to second
Batting: SHB Javier Jiménez 0-0: Ball
Wild Pitch!
Gary Witt to third
Vincente Encarnación to second
1-0: Ball
2-0: Called Strike
2-1: DOUBLE (Line Drive, 89D)
Gary Witt scores
Vincente Encarnación scores
Pitching: LHP Pedro Flores
Batting: RHB Yoshitsune Kamida 0-0: Ball
1-0: Ball
2-0: Ball
3-0: Base on Balls
Batting: SHB Felipe Detorres 0-0: Called Strike
0-1: Fielders Choice at 2nd, 1-6 (Groundball, 25)
Javier Jiménez to third
Batting: RHB Diego Ocampo 0-0: Ball
1-0: Called Strike
1-1: Ball
2-1: Ball
3-1: Base on Balls
Felipe Detorres to second
Batting: LHB Juan Jose Pineda 0-0: Called Strike
0-1: Ball
1-1: Fly out, F8 (Line Drive, 8RS)
Top of the 3rd over - 2 run(s), 1 hit(s), 0 error(s), 3 left on base; Detroit 8 - Tuscaloosa 0
BOTTOM OF THE 3RD
Tuscaloosa Trout Slayers batting - Pitching for Detroit X-Wings : RHP David Escobido
Batting: RHB Tetsunori Ito 0-0: Ball
1-0: Called Strike
1-1: Foul Ball, location: 2F
1-2: Fly out, F9 (Flyball, 9M)
Batting: RHB Dave Hall 0-0: Called Strike
0-1: Ground out 4-3 (Groundball, 4)
Batting: LHB Miguel Rosa 0-0: SOLO HOME RUN (Flyball, 89XD), Distance : 388 ft
Batting: RHB Lawrence Yates 0-0: Called Strike
0-1: Swinging Strike
0-2: Ball
1-2: Foul Ball, location: 2F
1-2: Fly out, F9 (Flyball, 9LM)
Bottom of the 3rd over - 1 run(s), 1 hit(s), 0 error(s), 0 left on base; Detroit 8 - Tuscaloosa 1
TOP OF THE 4TH
Detroit X-Wings batting - Pitching for Tuscaloosa Trout Slayers : LHP Pedro Flores
Batting: SHB Jaime Montés 0-0: Foul Ball, location: 2F
0-1: Swinging Strike
0-2: Foul Ball, location: 2F
0-2: Ground out 5-3 (Groundball, 5L)
Batting: RHB Gary Witt 0-0: Ball
1-0: Ball
2-0: Ball
3-0: Called Strike
3-1: Foul Ball, location: 2F
3-2: Base on Balls
Batting: LHB Jeremy Cox 0-0: Ball
1-0: Grounds into double play, U4-3 (Groundball, 4)
Top of the 4th over - 0 run(s), 0 hit(s), 0 error(s), 0 left on base; Detroit 8 - Tuscaloosa 1
BOTTOM OF THE 4TH
Tuscaloosa Trout Slayers batting - Pitching for Detroit X-Wings : RHP David Escobido
Batting: LHB Albert Morgan 0-0: Hit by Pitch
Batting: LHB Ed Hart 0-0: Called Strike
0-1: 2-RUN HOME RUN (Flyball, 9LD), Distance : 376 ft
Batting: LHB Damon Mitchell 0-0: Called Strike
0-1: Ball
1-1: Ball
2-1: Ball
3-1: Base on Balls
Pitching: RHP Gabriel Ruíz
Batting: RHB Ben Morton 0-0: Swinging Strike
0-1: Reached on error, E1 (Groundball, 15)
Damon Mitchell to second
Batting: LHB Sergio Barrón 0-0: Foul Ball, location: 2F
0-1: Foul Ball, location: 2F
0-2: Foul Ball, location: 2F
0-2: Ball
1-2: SINGLE (Groundball, 15) (infield hit)
Damon Mitchell to third
Ben Morton to second
Batting: RHB Tetsunori Ito 0-0: Ball
1-0: Ball
2-0: Ball
3-0: Called Strike
3-1: Called Strike
3-2: Base on Balls
Damon Mitchell scores
Ben Morton to third
Sergio Barrón to second
Batting: RHB Dave Hall 0-0: Called Strike
0-1: Foul Ball, location: 2F
0-2: Strikes out swinging
Batting: LHB Miguel Rosa 0-0: Called Strike
0-1: GRAND SLAM HOME RUN (Flyball, 89XD), Distance : 394 ft
Batting: RHB Lawrence Yates 0-0: DOUBLE (Line Drive, 7LD)
Batting: LHB Albert Morgan 0-0: Called Strike
0-1: Ball
1-1: Ball
2-1: Called Strike
2-2: Foul Ball, location: 2F
2-2: Ball
3-2: Foul Ball, location: 2F
3-2: Foul Ball, location: 2F
3-2: Foul Ball, location: 2F
3-2: Base on Balls
Batting: LHB Ed Hart 0-0: Ball
1-0: Foul Ball, location: 2F
1-1: SINGLE (Line Drive, 34D)
Lawrence Yates to third
Albert Morgan to second
Runner from 3rd tries for Home, SAFE, no throw or cutoff
Pitching: RHP John Thompson
Batting: LHB Damon Mitchell 0-0: Fly out, F7 (Flyball, 7S)
Batting: RHB Ben Morton 0-0: Called Strike
0-1: Foul Ball, location: 2F
0-2: Ball
1-2: Ball
2-2: Foul Ball, location: 2F
2-2: Strikes out swinging
Bottom of the 4th over - 8 run(s), 5 hit(s), 1 error(s), 2 left on base; Detroit 8 - Tuscaloosa 9
TOP OF THE 5TH
Detroit X-Wings batting - Pitching for Tuscaloosa Trout Slayers : LHP Pedro Flores
Batting: RHB Vincente Encarnación 0-0: Called Strike
0-1: Foul Ball, location: 2F
0-2: Ball
1-2: Foul Ball, location: 2F
1-2: Ball
2-2: Foul Ball, location: 2F
2-2: Strikes out swinging
Batting: SHB Javier Jiménez 0-0: Ball
1-0: Ball
2-0: Ball
3-0: Base on Balls
Batting: RHB Yoshitsune Kamida 0-0: Called Strike
0-1: Swinging Strike
0-2: Ball
1-2: Foul Ball, location: 2F
1-2: Strikes out swinging
Pitching: RHP Alfonso Martínez
Batting: SHB Felipe Detorres 0-0: Ground out 4-3 (Groundball, 4)
Top of the 5th over - 0 run(s), 0 hit(s), 0 error(s), 1 left on base; Detroit 8 - Tuscaloosa 9
BOTTOM OF THE 5TH
Tuscaloosa Trout Slayers batting - Pitching for Detroit X-Wings : RHP John Thompson
Batting: LHB Sergio Barrón 0-0: Ball
1-0: Ball
2-0: Called Strike
2-1: Ball
3-1: Base on Balls
Batting: RHB Tetsunori Ito 0-0: Ball
1-0: Ball
2-0: Called Strike
2-1: Ball
3-1: Called Strike
3-2: Base on Balls
Sergio Barrón to second
Batting: RHB Dave Hall 0-0: Called Strike
0-1: Foul Ball, location: 2F
0-2: Ball
1-2: SINGLE (Line Drive, 34D)
Sergio Barrón to third
Tetsunori Ito to second
Runner from 3rd tries for Home, SAFE, throw made at trailing runner, SAFE at third!
Batting: LHB Miguel Rosa 0-0: Called Strike
0-1: Hit by Pitch
Dave Hall to second
Batting: RHB Lawrence Yates 0-0: Called Strike
0-1: Foul Ball, location: 2F
0-2: Foul Ball, location: 2F
0-2: Strikes out looking
Batting: LHB Albert Morgan 0-0: Swinging Strike
0-1: Ball
1-1: Ball
2-1: Foul Ball, location: 2F
2-2: Foul Ball, location: 2F
2-2: Strikes out swinging
Batting: LHB Ed Hart 0-0: GRAND SLAM HOME RUN (Line Drive, 78XD), Distance : 382 ft
Batting: LHB Damon Mitchell 0-0: Called Strike
0-1: Ball
1-1: Swinging Strike
1-2: Ball
2-2: Ball
3-2: SINGLE (Flyball, 78S)
Pitching: RHP Felipe Téllez
Batting: RHB Ben Morton 0-0: Ball
1-0: Foul Ball, location: 2F
1-1: Called Strike
1-2: Ball
2-2: Ball
3-2: Strikes out swinging
Bottom of the 5th over - 5 run(s), 3 hit(s), 0 error(s), 1 left on base; Detroit 8 - Tuscaloosa 14
TOP OF THE 6TH
Detroit X-Wings batting - Pitching for Tuscaloosa Trout Slayers : RHP Alfonso Martínez
Batting: RHB Diego Ocampo 0-0: Called Strike
0-1: Foul Ball, location: 2F
0-2: Strikes out swinging
Batting: LHB Juan Jose Pineda 0-0: Called Strike
0-1: Foul Ball, location: 2F
0-2: Ball
1-2: SINGLE (Line Drive, 6MD)
Batting: SHB Jaime Montés 0-0: Ball
1-0: Ball
2-0: Foul Ball, location: 2F
2-1: Foul Ball, location: 2F
2-2: Foul Ball, location: 2F
2-2: Strikes out looking
Batting: RHB Gary Witt 0-0: Ball
1-0: Called Strike
1-1: Ball
2-1: SINGLE (Line Drive, 9S)
Juan Jose Pineda to second
Batting: LHB Jeremy Cox 0-0: Called Strike
0-1: Foul Ball, location: 2F
0-2: Ball
1-2: Strikes out swinging
Top of the 6th over - 0 run(s), 2 hit(s), 0 error(s), 2 left on base; Detroit 8 - Tuscaloosa 14
BOTTOM OF THE 6TH
Tuscaloosa Trout Slayers batting - Pitching for Detroit X-Wings : RHP Felipe Téllez
Batting: LHB Sergio Barrón 0-0: Called Strike
0-1: Ground out 4-3 (Groundball, 4)
Batting: RHB Tetsunori Ito 0-0: Called Strike
0-1: Ball
1-1: Foul Ball, location: 2F
1-2: Ball
2-2: Foul Ball, location: 2F
2-2: Strikes out swinging
Batting: RHB Dave Hall 0-0: Called Strike
0-1: SOLO HOME RUN (Line Drive, 7D), Distance : 369 ft
Batting: LHB Miguel Rosa 0-0: Ground out 3-1 (Groundball, 34S)
Bottom of the 6th over - 1 run(s), 1 hit(s), 0 error(s), 0 left on base; Detroit 8 - Tuscaloosa 15
TOP OF THE 7TH
Detroit X-Wings batting - Pitching for Tuscaloosa Trout Slayers : RHP Alfonso Martínez
Batting: RHB Vincente Encarnación 0-0: Foul Ball, location: 2F
0-1: Swinging Strike
0-2: Strikes out swinging
Batting: SHB Javier Jiménez 0-0: Foul Ball, location: 2F
0-1: Foul Ball, location: 2F
0-2: Foul Ball, location: 2F
0-2: Ball
1-2: Strikes out looking
Batting: RHB Yoshitsune Kamida 0-0: Foul Ball, location: 2F
0-1: Ball
1-1: Ball
2-1: Fly out, F7 (Flyball, 7S)
Top of the 7th over - 0 run(s), 0 hit(s), 0 error(s), 0 left on base; Detroit 8 - Tuscaloosa 15
BOTTOM OF THE 7TH
Tuscaloosa Trout Slayers batting - Pitching for Detroit X-Wings : RHP Felipe Téllez
Batting: RHB Lawrence Yates 0-0: Ball
1-0: DOUBLE (Flyball, 89XD) - OUT at third base trying to stretch hit.
Batting: LHB Albert Morgan 0-0: Ball
1-0: Foul Ball, location: 2F
1-1: Ball
2-1: SINGLE (Line Drive, 89S)
Batting: LHB Ed Hart 0-0: Ball
1-0: Swinging Strike
1-1: Ball
2-1: Ball
3-1: Base on Balls
Albert Morgan to second
Batting: LHB Damon Mitchell 0-0: Called Strike
0-1: Ball
1-1: Foul Ball, location: 2F
1-2: 3-RUN HOME RUN (Flyball, 9LD), Distance : 365 ft
Pitching: LHP Richard Dorris
Batting: RHB Ben Morton 0-0: Swinging Strike
0-1: SINGLE (Flyball, 78M)
Batting: LHB Sergio Barrón 0-0: Called Strike
0-1: Ground out 3-1 (Groundball, 34S)
Ben Morton to second
Batting: RHB Tetsunori Ito 0-0: Ball
1-0: Called Strike
1-1: Called Strike
1-2: Strikes out swinging
Bottom of the 7th over - 3 run(s), 4 hit(s), 0 error(s), 1 left on base; Detroit 8 - Tuscaloosa 18
TOP OF THE 8TH
Detroit X-Wings batting - Pitching for Tuscaloosa Trout Slayers : RHP Alfonso Martínez
Pitching: LHP Claude Pinard
Now at 1B: Alberto Pérez
Pinch Hitting: RHB Rick Anderson 0-0: Ball
1-0: Foul Ball, location: 2F
1-1: Ball
2-1: Ball
3-1: DOUBLE (Flyball, 89XD)
Batting: RHB Diego Ocampo 0-0: Ball
1-0: Ground out 4-3 (Groundball, 4M)
Rick Anderson to third
Batting: LHB Juan Jose Pineda 0-0: Ball
1-0: Swinging Strike
1-1: SINGLE (Groundball, 5D)
Rick Anderson scores
Batting: SHB Jaime Montés 0-0: Fly out, F2 (Popup, 25F)
Batting: RHB Gary Witt 0-0: Called Strike
0-1: SINGLE (Flyball, 9LS)
Juan Jose Pineda to second
Throwing error, E9
Juan Jose Pineda scores
Gary Witt to second
Batting: LHB Jeremy Cox 0-0: Foul Ball, location: 2F
0-1: Called Strike
0-2: Ball
1-2: SINGLE (Groundball, 34D)
Gary Witt to third
Batting: RHB Vincente Encarnación 0-0: Called Strike
0-1: Ball
1-1: Called Strike
1-2: Foul Ball, location: 2F
1-2: Ball
2-2: Ball
3-2: SINGLE (Line Drive, 8LS)
Gary Witt scores
Jeremy Cox to second
Jeremy Cox to third
Batting: SHB Javier Jiménez 0-0: Called Strike
0-1: Swinging Strike
0-2: Ball
1-2: Ball
2-2: Strikes out swinging
Top of the 8th over - 3 run(s), 5 hit(s), 1 error(s), 2 left on base; Detroit 11 - Tuscaloosa 18
BOTTOM OF THE 8TH
Tuscaloosa Trout Slayers batting - Pitching for Detroit X-Wings : LHP Richard Dorris
Now at 1B: Rick Anderson
Batting: RHB Dave Hall 0-0: Called Strike
0-1: Ground out 6-3 (Groundball, 6)
Batting: LHB Miguel Rosa 0-0: Ball
1-0: Called Strike
1-1: Ball
2-1: Ball
3-1: Base on Balls
Batting: RHB Lawrence Yates 0-0: Called Strike
0-1: SINGLE (Line Drive, 56)
Miguel Rosa to second
Batting: LHB Albert Morgan 0-0: Called Strike
0-1: Fielders Choice at 2nd, 6-4 (Groundball, 6)
Miguel Rosa to third
Batting: LHB Ed Hart 0-0: Ball
1-0: Ball
2-0: Called Strike
2-1: Foul Ball, location: 2F
2-2: SINGLE (Line Drive, 8LS)
Miguel Rosa scores
Albert Morgan to second
Batting: LHB Damon Mitchell 0-0: Ball
1-0: Foul Ball, location: 2F
1-1: Ground out 1-3 (Groundball, 15S)
Bottom of the 8th over - 1 run(s), 2 hit(s), 0 error(s), 2 left on base; Detroit 11 - Tuscaloosa 19
TOP OF THE 9TH
Detroit X-Wings batting - Pitching for Tuscaloosa Trout Slayers : LHP Claude Pinard
Now in LF: Lowie van den Bogaert
Batting: RHB Yoshitsune Kamida 0-0: Foul Ball, location: 2F
0-1: Ball
1-1: Ball
2-1: SINGLE (Groundball, 34D)
Batting: RHB Rick Anderson 0-0: Foul Ball, location: 2F
0-1: Ground out 5-3 (Groundball, 6S)
Yoshitsune Kamida to second
Batting: RHB Diego Ocampo 0-0: Ball
1-0: Foul Ball, location: 2F
1-1: Ball
2-1: Foul Ball, location: 2F
2-2: Ball
3-2: Fly out, F8 (Flyball, 8RS)
Batting: LHB Juan Jose Pineda 0-0: Ground out 4-3 (Groundball, 4M)
Top of the 9th over - 0 run(s), 1 hit(s), 0 error(s), 1 left on base; Detroit 11 - Tuscaloosa 19
Monday, December 5th, 2016 - OOTP Baseball 17.12 Build 75